 Dungeon Crawl Stone Soup version 0.31-a0-876-gfe8ebadbca (webtiles) character file.

Game seed: 10186471023528968423

2527 Naiya55 the Frost Mage (level 9, -1/81 HPs)
             Began as a Naga Ice Elementalist on Oct 13, 2023.
             Collided with a rock wall (14 damage)
             ... caused by Erica
             ... on level 8 of the Dungeon.
             The game lasted 00:30:12 (6153 turns).

Naiya55 the Frost Mage (Naga Ice Elementalist)      Turns: 6153, Time: 00:30:13

Health: -1/81      AC: 12    Str: 10    XL:     9   Next: 54%
Magic:  12/12      EV: 12    Int: 19    God:
Gold:   606        SH:  0    Dex: 13    Spells: 2/12 levels left

rFire   . . .        y - +2 trident (protect)
rCold   + . .        (no shield)
rNeg    . . .        k - +0 leather armour
rPois   +            d - +2 hat {Will+}
rElec   .            C - +0 cloak {rCorr}
rCorr   +            B - +0 pair of gloves
SInv    +            E - +0 barding
Will    ++...        i - amulet of magic regeneration
Stlth   +++          o - +5 ring of evasion
HPRegen 0.33/turn    x - ring of protection from cold
MPRegen 0.53/turn

%: no passive effects
@: very slow
A: AC +3, large, see invisible, deformed body, poison resistance, slowness 2,
spit poison 1, naga tail 1
a: Spit Poison


You were on level 8 of the Dungeon.
You visited 2 branches of the dungeon, and saw 9 of its levels.
You also visited: Ossuary.

You collected 690 gold pieces.
You spent 84 gold pieces at shops.

Inventory:

Hand Weapons
 y - a +2 trident of protection (weapon)
Missiles
 s - 11 poisoned darts
Armour
 d - a +2 hat of willpower (worn)
 k - a +0 leather armour (worn)
 B - a +0 pair of gloves (worn)
 C - a +0 cloak of preservation (worn)
 E - a +0 barding (worn)
 F - the +1 ring mail of the Volcano {rN+ Dex+4}
   (You found it on level 6 of the Dungeon)

   Dex+4:     It affects your dexterity (+4).
   rN+:       It protects you from negative energy.
 L - a +2 scale mail of cold resistance
Magical Staves
 p - a staff of conjuration
Jewellery
 i - an amulet of magic regeneration (around neck)
 o - a +5 ring of evasion (left hand)
 x - a ring of protection from cold (right hand)
Wands
 D - a wand of paralysis (8)
Scrolls
 a - a scroll of acquirement {unknown}
 c - 2 scrolls of blinking
 f - 2 scrolls of enchant armour
 g - 5 scrolls of identify
 j - a scroll of immolation {unknown}
 l - a scroll of amnesia {unknown}
 q - a scroll of fog {unknown}
 r - a scroll of silence {unknown}
 t - 5 scrolls of teleportation {unknown}
 G - a scroll of noise {unknown}
 H - a scroll of revelation {unknown}
 I - a scroll of enchant weapon {unknown}
 K - a scroll of fear {unknown}
Potions
 b - 2 potions of magic
 e - 2 potions of heal wounds
 h - 4 potions of resistance
 m - a potion of curing
 n - 2 potions of mutation
 u - 4 potions of attraction
 v - 3 potions of lignification
 w - 2 potions of brilliance
 z - 3 potions of enlightenment {unknown}
 A - a potion of cancellation {unknown}
 J - a potion of haste {unknown}


   Skills:
 - Level 5.0 Fighting
 - Level 1.5 Dodging
 - Level 8.0 Stealth
 - Level 2.0 Spellcasting
 + Level 5.8 Summonings
 + Level 9.5 Ice Magic


You had 2 spell levels left.
You knew the following spells:

 Your Spells              Type           Power      Damage    Failure   Level
a - Freeze                Ice            100%       1d10      1%          1
b - Frozen Ramparts       Ice            76%        1d12      1%          3
c - Summon Ice Beast      Ice/Summ       31%        N/A       10%         4
d - Blink                 Tloc           2%         N/A       34%         2

Your spell library contained the following spells:

 Spells                   Type           Power      Damage    Failure   Level
 Magic Dart               Conj           4%         1d3       22%         1
 Lesser Beckoning         Tloc           2%         N/A       34%         2
 Momentum Strike          Conj/Tloc      2%         3d8       34%         2
 Searing Ray              Conj           2%         2d4       34%         2
 Ozocubu's Armour         Ice            38%        N/A       1%          3
 Fulminant Prism          Conj/Hex       0%         3d5       92%         4
 Vhi's Electric Charge    Tloc/Air       2%         N/A       92%         4
 Arcjolt                  Conj/Air       0%         1d10      99%         5
 Maxwell's Capacitive Co  Air            0%         ∞         100%        8


Dungeon Overview and Level Annotations

Branches:
Dungeon (8/15)             Temple (1/1) D:4         Ossuary (visited)
   Lair: D:8-11

Altars:
Dithmenos
Elyvilon
Fedhas
Gozag
Kikubaaqudgha
Qazlal
Trog
Uskayaw
Vehumet
Zin

Shops:
D:2 *   D:7 !(

Annotations:
D:3 3 runed translucent doors, laschroeter's ghost, amateur MiFi
D:8 Erica; Joseph


Innate Abilities, Weirdness & Mutations

Your serpentine skin is tough. (AC +3)
You have supernaturally acute eyesight. (SInv)
Armour fits poorly on your strangely shaped body.
Your system is resistant to poisons. (rPois)
You cover ground very slowly.
You can spit poison.
You have a snake-like lower body.


Message History

You closely miss the steam dragon.
The steam dragon is almost dead.
The steam dragon closely misses you. The steam dragon barely misses you.
You completely miss the steam dragon.
The steam dragon is almost dead.
The steam dragon barely misses you. The steam dragon claws you.
You hit the steam dragon.
The steam dragon is almost dead.
The steam dragon breathes steam at you. The ball of steam hits you.
The steam dragon bites you but does no damage.
The steam dragon claws you but does no damage.
Joseph shouts!
You hit the steam dragon but do no damage.
The steam dragon is almost dead.
You are engulfed in a cloud of scalding steam.
The steam dragon bites you but does no damage.
The steam dragon claws you but does no damage.
You puncture the steam dragon!
You kill the steam dragon!
The steam dragon scales are intact enough to wear.
Joseph unwields a +0 quarterstaff.
Joseph wields a +0 sling.
Joseph shoots a sling bullet.
The sling bullet hits you.
Joseph shoots a sling bullet.
The sling bullet hits you but does no damage.
Joseph shoots a sling bullet.
The sling bullet hits you!
* * * LOW HITPOINT WARNING * * *
Erica shouts!
Erica hits you with a +4 scimitar of flaming!
* * * LOW HITPOINT WARNING * * *
Erica burns you.
* * * LOW HITPOINT WARNING * * *
You feel much better. Erica casts a spell at you. The lance of force hits you!!
* * * LOW HITPOINT WARNING * * *
You are knocked back by the lance of force.
You slam into the rock wall!
You die...
Erica begins laughing uncontrollably.

##... ######...#
#.........
#.####.### #.#
###.. #### #.#
#[# ... #.# ##.
...###@########.#
##
#......@....@)..#
#.
######<#######[.#
## #. #..# # ..
...........h...#
###
######.###..#.##
... .... ..@# #.#
###.# . ..#


You could see Joseph and Erica.

Vanquished Creatures
  3 steam dragons
  A water moccasin (D:7)
  An ice beast (D:6)
  2 sky beasts
  2 black bears
  2 ogres
  2 centaurs
  2 phantoms (D:4)
  A kobold brigand (D:8)
  2 scorpions
  3 wights (D:7)
  2 howler monkeys (D:8)
  2 jellies
  2 hounds
  2 orc priests
  Crazy Yiuf (D:5)
  3 iguanas
  2 orc wizards
  8 mummies (Ossuary)
  7 gnolls
  12 adders
  A white imp (D:7)
  3 dart slugs
  20 orcs
  9 ball pythons
  2 bats
  10 endoplasms
  5 giant cockroaches
  A goblin (D:2)
  5 hobgoblins
  4 quokkas
  7 frilled lizards
  2 gnoll zombies (Ossuary)
  3 hobgoblin zombies (Ossuary)
  5 kobolds
  3 kobold zombies (Ossuary)
  11 rats
  A spectral goblin (D:1)
154 creatures vanquished.

Vanquished Creatures (others)
  An orc wizard (D:7)
  2 orcs
3 creatures vanquished.

Grand Total: 157 creatures vanquished

Notes
Turn   | Place    | Note
-------+----------+-------------------------------------------
     0 | D:1      | Naiya55 the Naga Ice Elementalist began the quest for the
                  | Orb.
     0 | D:1      | Reached XP level 1. HP: 15/15 MP: 3/3
   226 | D:1      | Reached XP level 2. HP: 15/22 MP: 5/5
   792 | D:1      | Found a faded altar of an unknown god.
   871 | D:2      | Reached XP level 3. HP: 20/28 MP: 3/6
   889 | D:2      | Learned a level 3 spell: Frozen Ramparts
   916 | D:2      | Reached skill level 5 in Ice Magic
  1298 | D:2      | Found Oreol's General Store.
  1301 | D:2      | Bought a potion of lignification for 42 gold pieces
  1301 | D:2      | Bought a potion of curing for 42 gold pieces
  1353 | D:3      | Reached XP level 4. HP: 36/36 MP: 7/7
  1445 | D:3      | Found a hide-covered altar of Uskayaw.
  1602 | D:3      | Found a runed translucent gate.
  1611 | D:3      | Noticed laschroeter's ghost (amateur MiFi)
  1627 | D:3      | Reached skill level 6 in Ice Magic
  1627 | D:3      | Reached XP level 5. HP: 42/42 MP: 8/8
  1713 | D:3      | Found a runed translucent gate.
  1713 | D:3      | Found a runed translucent gate.
  1815 | D:4      | Found a sand-covered staircase.
  1824 | Ossuary  | Entered an ossuary
  1880 | Ossuary  | HP: 1/42 [mummy (12)]
  1885 | Ossuary  | HP: 3/63 [mummy (7)]
  2174 | Ossuary  | Reached skill level 7 in Ice Magic
  2179 | Ossuary  | Reached XP level 6. HP: 42/49 MP: 7/9
  2504 | D:4      | Reached skill level 1 in Fighting
  2553 | D:4      | Found a staircase to the Ecumenical Temple.
  2621 | Temple   | Entered the Ecumenical Temple
  2760 | D:4      | Reached skill level 5 in Stealth
  2760 | D:4      | Reached XP level 7. HP: 51/61 MP: 10/10
  3370 | D:5      | Entered Level 5 of the Dungeon
  3445 | D:5      | Reached XP level 8. HP: 73/73 MP: 7/11
  3550 | D:5      | Found a bloodstained altar of Trog.
  3882 | D:5      | Reached skill level 5 in Fighting
  4072 | D:5      | Found a runed translucent door.
  4143 | D:5      | Noticed Crazy Yiuf
  4150 | D:5      | Killed Crazy Yiuf
  4224 | D:5      | Learned a level 4 spell: Summon Ice Beast
  4288 | D:6      | Reached skill level 1 in Summonings
  4446 | D:6      | Reached skill level 8 in Ice Magic
  4511 | D:6      | Identified the +1 ring mail of the Volcano {rN+ Dex+4}
  4979 | D:7      | Noticed a hornet
  4988 | D:7      | Found Redagatt's Distillery.
  5020 | D:7      | Reached XP level 9. HP: 69/81 MP: 12/12
  5166 | D:7      | Found Joddem's Weapon Emporium.
  5250 | D:7      | Learned a level 2 spell: Blink
  5610 | D:7      | Reached skill level 9 in Ice Magic
  5828 | D:7      | Reached skill level 5 in Summonings
  6072 | D:8      | Noticed Joseph
  6118 | D:8      | Noticed Erica
  6153 | D:8      | Collided with a rock wall

Illustrated notes

Levels and vault maps discovered:
D:1:      evilmike_arrival_hilbert_curve, layout_basic, serial_curves,
          eino_curves_03, eino_curves_04,
          dreamdust_ecumenical_altar_drowned_temple
D:2:      layout_rooms, serial_shops, nicolae_shop_real_fake_doors,
          minmay_ruptured
D:3:      layout_basic, mainiacjoe_overflow_paths, gammafunk_ghost_split,
          minmay_checkerbox
D:4:      layout_loops_ring, minmay_temple_entry_glassed_door,
          mainiacjoe_ossuary_entry_dusty_tomb
D:5:      layout_basic, overflow_temple_1_default, uniq_crazy_yiuf_cottage
D:6:      layout_gridville, skrybe_limestone_x
D:7:      layout_gridville, serial_shops, shop, shop
D:8:      minmay_spotlight, layout_loops_ring, minmay_puff, uniq_erica,
          uniq_joseph
Temple:   hellmonk_temple_beads

Skill      XL: |  1  2  3  4  5  6  7  8  9 |
---------------+----------------------------+-----
Ice Magic      | 5 6 7 8 9 |  9.5
Fighting       | 2 4 5 |  5.0
Stealth        | 5 7 8 |  8.0
Summonings     | 4 5 |  5.8
Dodging        | |  1.5
Spellcasting   | |  2.0

Action                     |  1- 3 |  4- 6 |  7- 9 || total
---------------------------+-------+-------+-------++-------
  Melee: Whip              |    49 |       |       ||    49
         Unarmed           |     2 |       |       ||     2
         Spear             |    17 |    92 |       ||   109
         Trident           |       |    22 |   204 ||   226
         Punch             |       |     1 |     3 ||     4
   Cast: Freeze            |    28 |    44 |     5 ||    77
         Frozen Ramparts   |       |    14 |    20 ||    34
Ability: Spit Poison       |     5 |     4 |    16 ||    25
    Use: Scroll            |     1 |     6 |       ||     7
         Potion            |       |     2 |     1 ||     3
   Stab: Sleeping          |     2 |     3 |     5 ||    10
         Distracted        |       |       |     1 ||     1
 Armour: Robe              |    61 |    52 |       ||   113
         Skin              |       |     6 |       ||     6
         Leather armour    |       |       |   159 ||   159
         Ring mail         |       |       |    25 ||    25
  Dodge: Dodged            |    53 |   109 |   166 ||   328

Table legend: (Time is in decaauts)
 A = Elapsed time spent in this place.
 B = Non-inter-level travel time spent in this place.
 C = Inter-level travel time spent in this place.
 D = Time resting spent in this place.
 E = Time spent auto-exploring this place.
 F = Levels seen in this place.
 G = Mean time per level.
                   A        B        C        D        E       F      G
               +--------+--------+--------+--------+--------+-----+--------+
         Total |   7949 |   7681 |    268 |    300 |   4449 |  10 |  794.9 |
       Dungeon |   7331 |   7063 |    268 |    175 |   4275 |   8 |  916.4 |
        Temple |      1 |      1 |      0 |      0 |      0 |   1 |    1.0 |
       Ossuary |    615 |    615 |      0 |    125 |    173 |   1 |  615.0 |
               +--------+--------+--------+--------+--------+-----+--------+

Top non-repeatable levels by time:
     D:4: 1383 daAuts
     D:5: 1160 daAuts
     D:7: 1099 daAuts
     D:1: 1049 daAuts
     D:6: 967 daAuts
     D:2: 649 daAuts
     D:3: 638 daAuts
 Ossuary: 615 daAuts
     D:8: 382 daAuts
  Temple: 1 daAuts
